AoeStats
← BetteraveRouge

Lombardia

509079328Analyzed
4v4 RM · 8d ago on Sep 25, 2026· 48m 21s· 8 players
Game mode
Random Map
Map size
Large (8 player)
Population
200
Speed
Normal
Resources
Standard
Victory
Conquest
Starting age
Dark Age
Ending age
Imperial Age
RankedLock teamsTeams togetherTeam positionsShared explorationLock speedFull tech treeHidden civsTurbo modeCheats
Victory
Defeat
🇫🇷 Italians · France
1265
+16
🇯🇵 Mongols · Japan
1260
+16
🇦🇷 Magyars · Argentina
1244
+17
🇬🇧 Persians · United Kingdom
1222
+18
🇫🇷 Varangians · France
1288
-18
🇩🇪 Shu · Germany
1278
-17
🇫🇷 Hindustanis · France
1270
-17
🇩🇪 Aztecs · Germany
1215
-15
OneHandMen
10:40 Feudal Age
14:58 Castle Age
13:10 Horse Collar
13:21 Loom
14:14 Double-Bit Axe
16:01 Bow Saw
15:53 Heavy Plow
21:44 Wheelbarrow
23:48 Stone Mining
24:42 Hand Cart
25:21 Gold Mining
31:01 Imperial Age
29:08 Scale Barding Armor
29:45 Gold Shaft Mining
28:55 Treadmill Crane
30:25 Chain Barding Armor
30:17 Bloodlines
30:10 Husbandry
31:42 Ballistics
31:34 Masonry
31:10 Cavalier
32:27 Plate Barding Armor
32:55 Two-Man Saw
32:29 Crop Rotation
32:58 Fletching
33:06 Murder Holes
34:12 Chemistry
33:14 Paladin
33:53 Bodkin Arrow
34:57 Conscription
34:51 Scale Mail Armor
34:14 Pikeman
35:20 Halberdier
35:46 Arson
36:19 Chain Mail Armor
38:33 Man-at-Arms
39:15 Long Swordsman
40:01 Two-Handed Swordsman
41:41 Hoardings
41:17 Siege Engineers
40:44 Champion
43:45 Town Watch
44:05 Caravan
44:36 Coinage
47:59 Town Patrol
SombreWeb
10:11 Feudal Age
13:02 Loom
15:44 Castle Age
14:09 Double-Bit Axe
14:17 Horse Collar
22:39 Wheelbarrow
22:17 Bow Saw
22:28 Heavy Plow
23:19 Bloodlines
23:54 Scale Barding Armor
23:59 Forging
24:48 Husbandry
26:07 Iron Casting
25:51 Gold Mining
26:39 Chain Barding Armor
28:50 Hand Cart
29:04 Fletching
35:18 Imperial Age
34:00 Kamandaran
34:45 Gold Shaft Mining
34:01 Stone Mining
34:40 Bodkin Arrow
35:01 Caravan
35:10 Cavalier
36:27 Plate Barding Armor
36:53 Blast Furnace
36:56 Two-Man Saw
36:48 Conscription
36:39 Savar
38:25 Crop Rotation
39:45 Chemistry
40:15 Masonry
43:25 Capped Ram
45:10 Siege Ram
46:17 Ballistics
46:33 Architecture
BetteraveRouge
7:26 Loom
10:58 Feudal Age
14:40 Castle Age
13:55 Double-Bit Axe
14:38 Horse Collar
18:12 Fletching
19:27 Bodkin Arrow
27:53 Ballistics
27:38 Padded Archer Armor
30:48 Bow Saw
31:13 Leather Archer Armor
30:54 Gold Mining
32:27 Stone Mining
34:55 Wheelbarrow
39:31 Imperial Age
39:35 Silk Road
40:27 Masonry
41:19 Chemistry
40:27 Bracer
40:58 Ring Archer Armor
41:11 Conscription
42:03 Hand Cart
41:36 Town Watch
42:37 Elite Genoese Crossbowman
44:45 Thumb Ring
kokowatousaneize
10:14 Feudal Age
14:42 Castle Age
13:22 Double-Bit Axe
14:11 Horse Collar
25:01 Town Watch
25:59 Wheelbarrow
32:17 Imperial Age
30:18 Padded Archer Armor
31:43 Fletching
32:14 Gold Mining
34:44 Bodkin Arrow
35:04 Leather Archer Armor
35:33 Bracer
35:43 Forging
35:33 Bracer
37:16 Chemistry
37:05 Parthian Tactics
37:14 Husbandry
38:50 Thumb Ring
39:16 Caravan
40:07 Forging
41:23 Bow Saw
41:14 Heavy Plow
42:54 Hand Cart
47:02 Iron Casting
47:17 Bloodlines
ToRrGalL
4:23 Loom
12:42 Feudal Age
13:50 Double-Bit Axe
17:11 Castle Age
15:28 Horse Collar
19:03 Bow Saw
19:30 Heavy Plow
25:14 Wheelbarrow
27:56 Hand Cart
28:00 Stone Mining
28:32 Squires
28:18 Gambesons
28:19 Arson
28:47 Forging
28:37 Scale Mail Armor
31:49 Imperial Age
31:05 Gold Mining
31:27 Town Watch
32:08 Town Patrol
32:03 Elite Varangian Guard
32:09 Gothikon
33:09 Conscription
33:28 Iron Casting
33:08 Chain Mail Armor
34:05 Caravan
38:38 Blast Furnace
37:53 Chain Mail Armor
40:54 Chemistry
39:36 Treadmill Crane
40:07 Fortified Wall
41:15 Siege Engineers
46:17 Plate Mail Armor
46:56 Crop Rotation
47:38 Two-Man Saw
49:11 Ballistics
48:47 Murder Holes
Mikenico95
7:38 Loom
12:08 Feudal Age
12:29 Horse Collar
12:39 Double-Bit Axe
19:44 Castle Age
18:20 Wheelbarrow
20:36 Gold Mining
20:41 Stone Mining
21:10 Bow Saw
21:05 Heavy Plow
23:08 Elite Skirmisher
26:36 Crossbowman
26:40 Eagle Warrior
27:21 Squires
27:07 Arson
26:43 Pikeman
28:39 Forging
28:36 Scale Mail Armor
34:13 Iron Casting
33:35 Fletching
38:16 Imperial Age
35:33 Town Watch
37:53 Chain Mail Armor
37:34 Bodkin Arrow
37:39 Padded Archer Armor
41:10 Conscription
42:10 Garland Wars
43:58 Atlatl
45:04 Plate Mail Armor
44:54 Capped Ram
Lil' Linguini
6:58 Loom
9:49 Feudal Age
10:15 Double-Bit Axe
15:15 Wheelbarrow
17:31 Castle Age
18:05 Horse Collar
18:42 Bow Saw
18:31 Crossbowman
19:03 Fletching
19:15 Padded Archer Armor
23:14 Bodkin Arrow
25:18 Thumb Ring
27:30 Wheelbarrow
29:06 Ballistics
31:45 Hand Cart
31:26 Gold Mining
32:05 Leather Archer Armor
31:55 Heavy Plow
32:29 Town Watch
33:09 Fortified Wall
33:17 Husbandry
33:23 Scale Barding Armor
34:53 Stone Mining
37:31 Town Patrol
37:57 Pikeman
38:39 Squires
38:40 Scale Mail Armor
38:50 Forging
Uethatzuia
7:33 Loom
9:52 Feudal Age
11:12 Double-Bit Axe
22:41 Castle Age
20:44 Gold Mining
21:52 Bloodlines
23:24 Forging
24:03 Wheelbarrow
23:49 Horse Collar
24:23 Bow Saw
24:37 Heavy Plow
25:02 Light Cavalry
27:59 Hand Cart
31:15 Husbandry
35:10 Imperial Age
34:05 Scale Barding Armor
34:36 Iron Casting
36:01 Gold Shaft Mining
35:18 Stone Mining
35:33 Grand Trunk Road
35:48 Heavy Camel Rider
36:57 Chain Barding Armor
37:53 Conscription
39:58 Two-Man Saw
40:09 Imperial Camel Rider
41:25 Scale Mail Armor
41:58 Elite Ghulam
44:55 Blast Furnace
Connection lost

Rejoining the realm…

Still unreachable

The connection could not be restored.

Session expired

The server has moved on; the page needs a fresh start.